[Event "57th Biel Festival MTO 2024"]
[White "Emmenecker,Pierre-Antoine"]
[Black "Arbinger,Roland"]
[Site "Biel"]
[Round "1.49"]
[Annotator "RC"]
[Result "1-0"]
[Date "2024.07.15"]
[WhiteElo "2306"]
[BlackElo "2013"]
[PlyCount "99"]
[TimeControl "60"]

1. e4 d5 2. exd5 Qxd5 3. Nc3 Qd6 4. g3 Nf6 5. Bg2 g6 6. Nf3 Bg7 7. O-O O-O 8. Re1 Bg4 9. d4 c6 10. Bf4 Qd8 11. Qd2 Bxf3 12. Bxf3 e6 13. h4 Nbd7 14. Rad1 Nb6 15. Qe2 Nbd5 16. Nxd5 cxd5 17. c4 Rc8 18. c5 Qd7 19. b4 a6 20. Qc2 Ra8 21. a4 Rfc8 22. Qb3 Ne8 23. Re2 Nc7 24. Rc2 f6 25. Be3 Kh8 26. Rdc1 Qe8 27. Be2 e5 28. dxe5 fxe5 29. Bg4 d4 30. Bg5 h6 31. Bxc8 Qxc8 32. c6 b6 33. Be7 e4 34. Qf7 Qf5 35. Qxf5 gxf5 36. Bd6 Nd5 37. c7 Rc8 38. Rc6 d3 39. a5 Bd4 40. axb6 Bxb6 41. Be5+ Kh7 42. Rd6 e3 43. Rxd5 d2 44. Rb1 Bxc7 45. Rd7+ Kg6 46. Bxc7 Rxc7 47. Rxc7 e2 48. Rcc1 f4 49. gxf4 Kf5 50. Rd1 1-0

[Event "57th Biel Festival MTO 2024"]
[White "Tellarini,Lorenzo"]
[Black "Jain Kashish Manoj"]
[Site "Biel"]
[Round "1.50"]
[Annotator "RC"]
[Result "1/2-1/2"]
[Date "2024.07.15"]
[WhiteElo "1953"]
[BlackElo "2308"]
[PlyCount "73"]
[TimeControl "60"]

1. e4 c5 2. Nf3 d6 3. Bb5+ Nd7 4. d4 cxd4 5. Qxd4 a6 6. Bxd7+ Bxd7 7. c4 e5 8. Qd3 b5 9. Nfd2 Nf6 10. Nc3 Qb6 11. O-O Be7 12. b3 O-O 13. a4 Qd4 14. Qxd4 exd4 15. Ne2 bxa4 16. bxa4 Bd8 17. Nxd4 Re8 18. f3 Rb8 19. Ba3 Bb6 20. N2b3 Ba7 21. c5 Bxa4 22. Na5 Bb5 23. Nxb5 Rxb5 24. Nc6 Bxc5+ 25. Bxc5 dxc5 26. Rxa6 c4 27. Ra5 Rxa5 28. Nxa5 Rc8 29. Rc1 c3 30. Nb3 Nh5 31. g3 g6 32. Nd4 Nf6 33. Rc2 Nd7 34. Ne2 Ne5 35. Kg2 Rb8 36. Rxc3 Rb2 37. Kf2 1/2-1/2

[Event "57th Biel Festival MTO 2024"]
[White "Gloeckler,Christian"]
[Black "Douguet,Claude"]
[Site "Biel"]
[Round "1.51"]
[Annotator "RC"]
[Result "1-0"]
[Date "2024.07.15"]
[WhiteElo "2304"]
[BlackElo "1994"]
[PlyCount "73"]
[TimeControl "60"]

1. e4 e5 2. Nf3 Nc6 3. Bb5 Nf6 4. O-O Nxe4 5. Re1 Nd6 6. Nxe5 Be7 7. Bf1 O-O 8. Nf3 Nf5 9. d4 d5 10. a4 Bf6 11. c3 Re8 12. Rxe8+ Qxe8 13. Bf4 Qe7 14. a5 a6 15. b4 g6 16. Bd3 Nd6 17. Nbd2 Bf5 18. Bxd6 Qxd6 19. Bxf5 gxf5 20. Qc2 Qf4 21. Re1 h5 22. Nf1 h4 23. Qd3 Kh8 24. h3 Rg8 25. Kh1 Ne7 26. b5 Rg6 27. bxa6 bxa6 28. Qxa6 Bxd4 29. Qb5 Bf6 30. Rxe7 Bxe7 31. Qe8+ Kg7 32. Qxe7 Re6 33. Qc5 Qc1 34. Kg1 c6 35. Nd4 Re1 36. Nxf5+ Kh7 37. N5e3 1-0

[Event "57th Biel Festival MTO 2024"]
[White "Hartmann,Wolfgang"]
[Black "Toktomushev,Teimur"]
[Site "Biel"]
[Round "1.52"]
[Annotator "RC"]
[Result "0-1"]
[Date "2024.07.15"]
[WhiteElo "1983"]
[BlackElo "2300"]
[PlyCount "78"]
[TimeControl "60"]

1. c4 e6 2. g3 d5 3. Bg2 Nf6 4. Nf3 Be7 5. O-O O-O 6. b3 c5 7. e3 Nc6 8. Bb2 b6 9. Re1 Ba6 10. d3 Qc7 11. a3 Rfd8 12. Qc2 Rd7 13. Nc3 Rad8 14. Rad1 Qb8 15. Rd2 Bb7 16. cxd5 Nxd5 17. Nxd5 Rxd5 18. Red1 Qa8 19. h4 R5d7 20. Ng5 h6 21. Ne4 f5 22. Qc4 Rd5 23. Nc3 Ne5 24. Nxd5 Nxc4 25. Nxe7+ Kf7 26. Bxb7 Qxb7 27. dxc4 Rxd2 28. Rxd2 Qxe7 29. Bc3 g5 30. hxg5 hxg5 31. Be5 Qb7 32. Kh2 Kg6 33. Rd6 Kh5 34. Rd2 Kg4 35. Bc3 Kf3 36. g4 Kxg4 37. e4 Kf3 38. Bf6 Qxe4 39. Bxg5 Qb1 0-1

[Event "57th Biel Festival MTO 2024"]
[White "Shoshin,Kirill"]
[Black "Hornung,Hans"]
[Site "Biel"]
[Round "1.53"]
[Annotator "RC"]
[Result "1-0"]
[Date "2024.07.15"]
[WhiteElo "2277"]
[BlackElo "2009"]
[PlyCount "39"]
[TimeControl "60"]

1. d4 Nf6 2. c4 e6 3. Nc3 Bb4 4. e3 b6 5. Nge2 c5 6. a3 Ba5 7. Nf4 Bxc3+ 8. bxc3 O-O 9. Bd3 Nc6 10. O-O Ba6 11. Re1 Na5 12. e4 Bxc4 13. e5 Ne8 14. Bxh7+ Kxh7 15. Qh5+ Kg8 16. Re3 f5 17. Ng6 Nf6 18. exf6 Qxf6 19. Rh3 cxd4 20. Bg5 1-0

[Event "57th Biel Festival MTO 2024"]
[White "Mata,Adilson"]
[Black "Cervantes Landeiro,Thalia"]
[Site "Biel"]
[Round "1.54"]
[Annotator "RC"]
[Result "1/2-1/2"]
[Date "2024.07.15"]
[WhiteElo "1971"]
[BlackElo "2271"]
[PlyCount "76"]
[TimeControl "60"]

1. d4 Nf6 2. Nf3 g6 3. g3 Bg7 4. Bg2 d5 5. O-O O-O 6. c4 dxc4 7. Na3 c3 8. bxc3 c5 9. Ne5 Nc6 10. Nxc6 bxc6 11. Bxc6 Bh3 12. Re1 Rc8 13. Bf3 Nd5 14. Bb2 cxd4 15. cxd4 Qa5 16. Qd3 Rfd8 17. Rec1 Rxc1+ 18. Rxc1 Bh6 19. Nc4 Qb5 20. a4 Qxa4 21. Ra1 Qb5 22. Ba3 e6 23. Bc5 a6 24. Ra5 Qb7 25. Nb6 Qc7 26. Qxa6 Rb8 27. Bxd5 exd5 28. Qa7 Qd8 29. Qxb8 Qxb8 30. Ra8 Qxa8 31. Nxa8 Be6 32. e3 Bg5 33. Kf1 Bd8 34. Bb6 Be7 35. Nc7 Bd6 36. Nb5 Bb8 37. Bc5 f5 38. Bd6 Bd7 1/2-1/2

[Event "57th Biel Festival MTO 2024"]
[White "Saravanan,V.."]
[Black "Tkhoruk,Roman"]
[Site "Biel"]
[Round "1.55"]
[Annotator "RC"]
[Result "1-0"]
[Date "2024.07.15"]
[WhiteElo "2266"]
[BlackElo "1944"]
[PlyCount "55"]
[TimeControl "60"]

1. d4 Nf6 2. c4 e6 3. Nc3 b6 4. e4 d6 5. Nf3 Bb7 6. Bd3 Be7 7. O-O O-O 8. Re1 Nbd7 9. e5 dxe5 10. dxe5 Ne8 11. Bc2 Nc5 12. Qe2 a5 13. Bf4 Qb8 14. Ng5 Bxg5 15. Bxg5 f5 16. Rad1 Qa7 17. Rd4 h6 18. Bc1 Rc8 19. Qh5 Rf7 20. Re3 Qa8 21. Rg3 Kf8 22. Bxh6 gxh6 23. Qxh6+ Ng7 24. Rh4 Ne4 25. Nxe4 Bxe4 26. Bxe4 fxe4 27. Rf4 Rxf4 28. Rxg7 1-0

[Event "57th Biel Festival MTO 2024"]
[White "Udelnov,Valentin"]
[Black "Nurman,Alua"]
[Site "Biel"]
[Round "1.56"]
[Annotator "RC"]
[Result "0-1"]
[Date "2024.07.15"]
[WhiteElo "1965"]
[BlackElo "2274"]
[PlyCount "68"]
[TimeControl "60"]

1. e4 c5 2. Nf3 d6 3. d4 cxd4 4. Nxd4 Nf6 5. Nc3 a6 6. Bc4 e6 7. a4 Nxe4 8. Nxe4 d5 9. Bg5 Be7 10. Bxe7 Qxe7 11. Bb5+ axb5 12. Nxb5 O-O 13. Nec3 Nc6 14. O-O Rd8 15. f4 e5 16. fxe5 d4 17. Ne4 Nxe5 18. Nf2 Qg5 19. Re1 Bd7 20. h4 Qf6 21. Nxd4 Bxa4 22. b3 Rxd4 23. Qe2 Re8 24. bxa4 Qxh4 25. c3 Rdd8 26. Qb5 Qg3 27. Qxb7 Rd2 28. Rf1 f5 29. Rae1 Qxc3 30. Ng4 Qd4+ 31. Nf2 Rb2 32. Qc7 g6 33. Rd1 Qf4 34. a5 Nf3+ 0-1

[Event "57th Biel Festival MTO 2024"]
[White "Peycheva,Gergana"]
[Black "Pouly,Ivan"]
[Site "Biel"]
[Round "1.57"]
[Annotator "RC"]
[Result "1-0"]
[Date "2024.07.15"]
[WhiteElo "2266"]
[BlackElo "1958"]
[PlyCount "103"]
[TimeControl "60"]

1. d4 Nf6 2. c4 e6 3. Nc3 d5 4. cxd5 exd5 5. Bg5 c6 6. e3 Be7 7. Bd3 Nbd7 8. Qc2 O-O 9. Nf3 Re8 10. O-O h6 11. Bf4 Nh5 12. Nxd5 Nxf4 13. Nxf4 Nf6 14. Bc4 Bd6 15. Ng6 Qa5 16. Nge5 Be6 17. Bxe6 Rxe6 18. Nc4 Qc7 19. Nxd6 Qxd6 20. Rfe1 Qd5 21. Qc5 Qxc5 22. dxc5 a5 23. Red1 Ne4 24. Rac1 a4 25. Rd7 Ra5 26. Rxb7 Nxc5 27. Rb6 Rd6 28. Ne5 Rb5 29. Rxb5 cxb5 30. Kf1 Rd5 31. Nc6 Kf8 32. Nb4 Re5 33. Ke2 Ne6 34. Rc8+ Ke7 35. Nc6+ Kd7 36. Nxe5+ Kxc8 37. Nxf7 Kc7 38. Kd3 Kc6 39. f4 Kd5 40. e4+ Kc5 41. g3 b4 42. f5 Nd4 43. Nd8 Nf3 44. Ne6+ Kd6 45. Nxg7 Nxh2 46. Kc4 b3 47. axb3 axb3 48. Kxb3 Nf1 49. Kc3 Nxg3 50. Kd4 h5 51. e5+ Kd7 52. f6 1-0

[Event "57th Biel Festival MTO 2024"]
[White "Stevens,Christian"]
[Black "Collin,Moritz Valentin"]
[Site "Biel"]
[Round "1.58"]
[Annotator "RC"]
[Result "0-1"]
[Date "2024.07.15"]
[WhiteElo "2253"]
[BlackElo "2312"]
[PlyCount "70"]
[TimeControl "60"]

1. e4 c5 2. Nc3 Nc6 3. g3 g6 4. Bg2 Bg7 5. d3 d6 6. f4 e6 7. Nf3 Nge7 8. O-O O-O 9. Be3 b6 10. g4 f5 11. h3 d5 12. Bc1 dxe4 13. dxe4 Ba6 14. Re1 fxg4 15. hxg4 Qxd1 16. Rxd1 Nb4 17. Ne1 Bd4+ 18. Kh2 Rad8 19. a3 Nbc6 20. Nd3 g5 21. f5 c4 22. Nb4 Bxc3 23. Rxd8 Be5+ 24. Kh3 Rxd8 25. Bxg5 Bb7 26. f6 Rd7 27. fxe7 Nxe7 28. Rb1 Ng6 29. b3 a5 30. Na2 Bf4 31. Bf6 Rd2 32. g5 h5 33. gxh6 Rxc2 34. Rd1 cxb3 35. Rd8+ Kf7 0-1

[Event "57th Biel Festival MTO 2024"]
[White "Munkhzul,Turmunkh"]
[Black "Stefan,Iulia-Cristiana"]
[Site "Biel"]
[Round "1.59"]
[Annotator "RC"]
[Result "1-0"]
[Date "2024.07.15"]
[WhiteElo "2232"]
[BlackElo "1953"]
[PlyCount "130"]
[TimeControl "60"]

1. e4 e5 2. Nf3 Nc6 3. Bb5 a6 4. Bxc6 dxc6 5. Nc3 Bd6 6. d4 exd4 7. Qxd4 f6 8. Be3 Be6 9. O-O-O Ne7 10. Kb1 Ng6 11. Na4 b6 12. Nxb6 Rb8 13. Nc4 Kf7 14. Nxd6+ cxd6 15. Qa7+ Ne7 16. Nd4 Qc8 17. Nxe6 Qxe6 18. Qd4 Rhd8 19. f3 d5 20. Bc1 dxe4 21. Qxe4 Qxe4 22. fxe4 Ng6 23. c3 Ke6 24. Kc2 Ke5 25. Rxd8 Rxd8 26. Re1 Nf8 27. Be3 Ne6 28. Bf2 Ng5 29. Bd4+ Ke6 30. b4 Re8 31. h4 Nf7 32. a4 Kd7 33. Kd3 Nd6 34. Re2 Nb7 35. e5 fxe5 36. Rxe5 Rf8 37. Rg5 g6 38. h5 Rg8 39. c4 Kc8 40. c5 Nd8 41. hxg6 hxg6 42. Kc4 Ne6 43. Rg4 Kd7 44. Rh4 Ng5 45. Bf6 Nf7 46. Re4 Re8 47. Rxe8 Kxe8 48. b5 axb5+ 49. axb5 cxb5+ 50. Kxb5 Kd7 51. Kb6 Ke6 52. Bh4 Kd7 53. c6+ Kc8 54. Kc5 g5 55. Bg3 Nh6 56. Be5 Nf5 57. g3 g4 58. Kd5 Ne7+ 59. Kd6 Nf5+ 60. Ke6 Ne3 61. Bf4 Ng2 62. Kf5 Nxf4 63. Kxf4 Kc7 64. Kxg4 Kxc6 65. Kf5 Kd5 1-0

[Event "57th Biel Festival MTO 2024"]
[White "Liu,Kimberly"]
[Black "Krishnan,Ritvik"]
[Site "Biel"]
[Round "1.60"]
[Annotator "RC"]
[Result "1/2-1/2"]
[Date "2024.07.15"]
[WhiteElo "1941"]
[BlackElo "2297"]
[PlyCount "119"]
[TimeControl "60"]

1. Nf3 d5 2. b3 Bf5 3. Bb2 e6 4. g3 Nf6 5. Bg2 Be7 6. O-O O-O 7. d3 h6 8. Nbd2 a5 9. a3 Bh7 10. Re1 c6 11. e4 Na6 12. Qe2 Nc5 13. Ne5 Qc7 14. f4 Rfd8 15. Kh1 Bf8 16. g4 Nfd7 17. exd5 exd5 18. g5 hxg5 19. Qh5 Nxe5 20. Bxe5 Bd6 21. Qxg5 Ne6 22. Qg4 f5 23. Bxd6 Qxd6 24. Qg3 Nxf4 25. Bf3 Ng6 26. Qg5 Rf8 27. Rg1 Qf4 28. Qg2 Qh6 29. Qg5 Qxg5 30. Rxg5 Nf4 31. Rag1 Ne6 32. R5g2 Rf6 33. Bd1 Re8 34. Nf3 Re7 35. Re1 Rd7 36. d4 f4 37. Ne5 Re7 38. c3 Be4 39. Bf3 Nc5 40. Bxe4 Nxe4 41. Nf3 Kf8 42. c4 Kg8 43. Kg1 Re8 44. a4 Nd6 45. Rxe8+ Nxe8 46. Re2 Nd6 47. cxd5 cxd5 48. Re5 Rf5 49. Re7 b6 50. Re6 Rf6 51. Re5 Nf5 52. Rxd5 Ne3 53. Rd8+ Kh7 54. h4 Rc6 55. Rf8 Rc1+ 56. Kh2 Rc2+ 57. Kh3 Nd5 58. Kg4 Rg2+ 59. Kf5 Ne7+ 60. Ke6 1/2-1/2

[Event "57th Biel Festival MTO 2024"]
[White "Song,Ethan"]
[Black "Pinelli,Gian"]
[Site "Biel"]
[Round "1.61"]
[Annotator "RC"]
[Result "1-0"]
[Date "2024.07.15"]
[WhiteElo "2244"]
[BlackElo "1874"]
[PlyCount "71"]
[TimeControl "60"]

1. e4 c6 2. d4 d5 3. e5 c5 4. c3 Nc6 5. Nf3 Bg4 6. Be2 e6 7. O-O Bxf3 8. Bxf3 cxd4 9. cxd4 Qb6 10. Be3 Qxb2 11. Nd2 Qa3 12. Nb3 Nge7 13. Qd3 Nf5 14. Bxd5 exd5 15. Qxf5 Rd8 16. e6 fxe6 17. Qxe6+ Qe7 18. Qh3 Qd7 19. Qh4 Be7 20. Qh5+ g6 21. Qh6 Bf8 22. Qf4 Qf7 23. Qg4 Qd7 24. Qe2 Be7 25. Bh6 Kf7 26. f4 Rhe8 27. Qf3 Bf6 28. f5 Qxf5 29. Qc3 Qh5 30. Qd2 Re2 31. Qf4 Qf5 32. Qg3 Qe4 33. Rf4 Qe6 34. Bg5 Qe3+ 35. Qxe3 Rxe3 36. Rxf6+ 1-0

[Event "57th Biel Festival MTO 2024"]
[White "Vantika Agrawal"]
[Black "Aryan Chopra"]
[Site "Biel"]
[Round "2.1"]
[Annotator "TA"]
[Result "1/2-1/2"]
[Date "2024.07.16"]
[WhiteElo "2390"]
[BlackElo "2631"]
[PlyCount "57"]
[TimeControl "60"]

1. d4 Nf6 2. c4 e6 3. Nf3 d5 4. g3 dxc4 5. Bg2 a6 6. O-O Nc6 7. a4 Rb8 8. a5 Bb4 9. Na3 Bxa5 10. Nxc4 Bb4 {[%emt 0:0:23] Die Stellung ist ausgeglichen.} 11. Qb3 Be7 12. Rd1 O-O 13. e4 Bd7 14. Nfe5 Na7 15. Be3 {[%emt 0:7:50] [#] Und d5 würde nun gewinnen.} Nb5 16. Rac1 Nd6 17. Nxd7 Nxd7 18. Ne5 c6 19. h4 Nb5 20. f4 Nxe5 21. fxe5 Rc8 22. d5 cxd5 23. exd5 Rxc1 24. Rxc1 exd5 25. Qxd5 Qxd5 26. Bxd5 h5 (26... Rd8 $11 27. Bxb7 Nd4 28. Bxa6 Nf3+ 29. Kg2 Nxe5 )27. Bxb7 $16 {[%emt 0:0:40] Weiß steht aktiver. Das Läuferpaar ist gut.} a5 {[%emt 0:0:14] [#]} 28. Bd5 ({Günstiger ist} 28. Ba6 $1 $16 Rb8 29. Rc6 )Rd8 29. Ba2 {[%emt 0:4:58] Gewichteter Fehlerwert: Weiß=0.10 (sehr präzise) /Schwarz=0.15 (sehr präzise) .  Fehler:       	Weiß=1     	Schwarz=1     Ungenau:       	Weiß=1     	Schwarz=1     OK:         	Weiß=8     	Schwarz=8     Bester:       	Weiß=1     	---} 1/2-1/2

[Event "57th Biel Festival MTO 2024"]
[White "Mendonca,Leon Luke"]
[Black "Thavandiran,Shiyam"]
[Site "Biel"]
[Round "2.2"]
[Annotator "TA"]
[Result "1/2-1/2"]
[Date "2024.07.16"]
[WhiteElo "2634"]
[BlackElo "2387"]
[PlyCount "121"]
[TimeControl "60"]

1. e4 e6 2. d4 d5 3. e5 c5 4. c3 Nc6 5. Nf3 Bd7 6. Be2 Nge7 7. Na3 cxd4 8. cxd4 f6 {[%emt 0:0:9] C02: Französische Verteidigung (Vorstoßvariante).} 9. O-O fxe5 10. Nxe5 Nxe5 11. dxe5 Ng6 $146 ({Predecessor:} 11... Nc6 12. f4 Qb6+ 13. Kh1 O-O-O 14. Rf3 g5 15. Nb5 Kb8 16. a4 Bc5 17. Bd2 Rdf8 {1-0 Petrov,M (2448)-Thavandiran,S (2363) Trieste op 24th 2022 (3)} )12. Bd3 Nxe5 13. Qh5+ Nf7 14. Re1 Be7 15. Bf4 g6 16. Qe2 a6 17. Nc2 Bf6 18. Ne3 {[%emt 0:4:11] [#]} O-O $1 19. Ng4 Bg7 20. Qd2 Qb6 21. Re2 Qd4 22. h3 e5 23. Be3 Qa4 24. Bc2 $1 Qb5 ({Vorzuziehen ist} 24... Qc6 $15 )25. Bb3 (25. Bd3 $1 $11 {hält das Gleichgewicht.} Qa4 26. Bc2 )Be6 26. Rae1 $1 h5 {[%emt 0:4:51] [#]} (26... Rae8 $11 )27. Nh6+ $2 (27. Nxe5 $1 $16 Nxe5 28. Bd4 )Kh7 $17 28. Nxf7 Bxf7 (28... Rxf7 $6 29. Bd4 e4 (29... Bh6 30. Qd1 $11 )30. f3 $11 )29. Bg5 e4 30. Be7 Rfe8 31. Qg5 Kg8 32. Bf6 Bxf6 33. Qxf6 Qc6 34. Qd4 Rac8 35. Rd1 Red8 36. Red2 Qc5 37. Qe5 Re8 (37... Qd6 $5 38. Qxe4 dxe4 39. Rxd6 Rxd6 40. Rxd6 Bxb3 41. axb3 Rc1+ 42. Kh2 Rc2 $11 )38. Qg5 (38. Qg3 {vereinfacht} Qc7 39. Qe3 Re5 40. Bxd5 Rxd5 41. Rxd5 Bxd5 42. Rxd5 Qc1+ 43. Kh2 )e3 39. Bxd5 $1 Kg7 40. fxe3 Rcd8 (40... Rxe3 $11 {bleibt in der Remisbreite.} 41. Kh1 Rce8 )41. Kh2 (41. Rd4 $16 )Rd7 $11 (41... Bxd5 $6 42. Rxd5 Rxd5 43. Rxd5 $16 )42. Rd3 Qc7+ $1 ({Natürlich nicht} 42... Bxd5 $6 43. Rxd5 Qc7+ 44. Qf4 $16 )43. Qg3 Qxg3+ 44. Kxg3 Bxd5 45. Rxd5 Rxe3+ 46. Kf2 Rde7 47. Rd7 Kh6 48. Rxe7 Rxe7 49. Rd6 Rc7 50. Rb6 Kg5 51. g3 Kf5 52. Kf3 g5 53. a4 g4+ 54. hxg4+ hxg4+ 55. Ke3 Ke5 56. Rb4 Rc2 57. Rxb7 (57. Rxg4 Rxb2 58. Re4+ Kd5 )Rg2 58. Re7+ Kf5 59. Rf7+ Ke5 60. Re7+ Kf5 61. Rf7+ 1/2-1/2

[Event "57th Biel Festival MTO 2024"]
[White "Boldoo,Erdenepurev"]
[Black "Nesterov,Arseniy"]
[Site "Biel"]
[Round "2.3"]
[Annotator "TA"]
[Result "1/2-1/2"]
[Date "2024.07.16"]
[WhiteElo "2385"]
[BlackElo "2609"]
[PlyCount "71"]
[TimeControl "60"]

1. d4 Nf6 2. c4 e6 3. Bf4 d5 4. cxd5 Nxd5 5. Bg3 c5 6. e4 Nf6 7. Nd2 cxd4 8. e5 Nd5 9. Ngf3 Nc6 10. Bd3 Bd7 11. a3 {[%emt 0:1:57][%mdl 1024] Prevents Ncb4. White has compensation.} Be7 12. h4 h6 13. O-O Rc8 14. Rc1 O-O (14... b5 $11 {keeps the balance.} )15. Re1 $16 b5 16. Nb3 {[%emt 0:6:8] White is more active.} (16. Bxb5 Nxe5 17. Rxc8 Qxc8 $11 )(16. Qe2 $16 )b4 17. a4 Na5 18. Rxc8 Bxc8 19. Nbxd4 b3 20. Nxb3 Nb4 21. Nxa5 Qxa5 22. Bb1 Rd8 23. Qe2 Bb7 {[%emt 0:6:20] Repels Qe4} ({Of course not} 23... Qxa4 $6 24. Qe4 Kf8 (24... g6 25. h5 $16 )25. Qh7 $18 )24. b3 Qd5 25. Be4 Qxe4 26. Qxe4 Bxe4 27. Rxe4 Rd3 28. Rc4 Nd5 29. Rc8+ Kh7 30. Rb8 a5 31. h5 Bb4 32. Rb7 {[%emt 0:0:5] The position is equal.} Kg8 33. Rb8+ Kh7 34. Rb7 Kg8 35. Rb8+ Kh7 36. Rb7 {[%emt 0:1:33] Weighted Error Value: White=0.09 (flawless) /Black=0.10 (very precise) .  Mistake:       	White=1     	Black=1      Inaccurate:     	White=1     	Black=3      OK:         	White=14    	Black=12     Best:        	White=2     	Black=2} 1/2-1/2

[Event "57th Biel Festival MTO 2024"]
[White "Ganguly,Surya Shekhar"]
[Black "Chinguun,Sumiya"]
[Site "Biel"]
[Round "2.4"]
[Annotator "TA"]
[Result "1-0"]
[Date "2024.07.16"]
[WhiteElo "2575"]
[BlackElo "2348"]
[PlyCount "119"]
[TimeControl "60"]

1. c4 c5 2. Nf3 Nf6 3. Nc3 Nc6 4. d4 cxd4 5. Nxd4 e6 6. g3 Qb6 7. Ndb5 Ne5 8. Bg2 a6 9. Qa4 {[%emt 0:0:33] Threatens to win with Bf4.} Rb8 10. Na3 h5 11. Qb3 Qxb3 (11... Qc7 $15 )12. axb3 $14 Nc6 13. Be3 {[%emt 0:13:49] Dodges Nd4} b6 14. Bf4 {[%emt 0:7:43] Strongly threatening Bxc6.} e5 15. Bxc6 exf4 16. Bf3 fxg3 17. hxg3 g6 18. Nc2 b5 19. cxb5 axb5 20. Nd4 (20. b4 $14 )b4 $11 21. Ncb5 Bc5 22. e3 O-O 23. O-O d6 24. Rfd1 Bd7 25. Nc7 Rfc8 26. Nd5 Nxd5 27. Bxd5 Kf8 28. Rd2 Ke7 29. Nf3 Be6 30. Ng5 Bxd5 31. Rxd5 Ra8 32. Rad1 Ra2 33. R1d2 Ra1+ 34. Kg2 Rc1 35. Nh3 Rc7 36. Nf4 Rc8 37. Nd3 Rb1 38. Rc2 {[%emt 0:0:8] next Nxb4 is good for White.} Ke6 39. e4 f6 40. Nxb4 $1 Rb8 ({Black should play} 40... Re1 )41. Na6 $1 $16 Rb6 42. Nxc5+ dxc5 43. Rdxc5 {[%emt 0:0:0][%cal Ob3b4][%mdl 4096] Endgame. KRR-KRR} (43. Rcxc5 Rxb2 44. Rd8 Ke7 $16 )g5 {[%emt 0:1:3] [#] Black is on the road to losing.} ({Black should try} 43... Rd1 $14 )44. e5 $1 h4 (44... Re1 45. exf6 )45. exf6 {[%emt 0:0:0] aiming for gxh4.} Kxf6 {[%emt 0:1:3] [#]} (45... hxg3 $16 {was worth a try.} 46. Rxg5 Kxf6 )46. g4 $1 $18 Kg6 47. Rd2 {[%emt 0:0:0] Against Rd1} ({And not} 47. Rc6+ Rxc6 48. Rxc6+ Kg7 $11 )Rf6 48. b4 Rf4 49. Rc6+ Rf6 $2 (49... Kg7 50. b5 Rxg4+ 51. Kh2 Rf4 )50. b5 Re1 51. Rdd6 Rxd6 52. Rxd6+ {[%emt 0:0:0] KR-KR} Kf7 53. Rd5 Kg6 54. b6 {[%emt 0:0:0] White wants to mate with b7.} Re7 55. Rc5 {[%emt 0:1:43] Rc6+ would kill now.} Re4 {[%emt 0:0:21] [#]} 56. Rb5 $1 Re8 57. b7 Rb8 58. Rb6+ (58. Kh3 $142 Kf7 59. f4 (59. Rxg5 Rxb7 60. f4 Kf8 $18 )gxf4 60. Kxh4 Ke7 61. g5 Kd6 62. g6 Ke6 63. Kg4 )Kg7 59. Kh3 Kf7 {[%emt 0:0:13] [#]} 60. f4 $1 {[%emt 0:1:13] Weighted Error Value: White=0.07 (flawless) /Black=0.25 (precise) .  Mistake:       	White=1     	Black=5      Inaccurate:     	White=2     	Black=4      OK:         	White=14    	Black=12     Best:        	White=1     	Black=1      Strong:       	White=4     	---        Brilliant:      	White=1     	---} 1-0

[Event "57th Biel Festival MTO 2024"]
[White "Dotzer,Lukas"]
[Black "Sethuraman,S.P."]
[Site "Biel"]
[Round "2.5"]
[Annotator "TA"]
[Result "1-0"]
[Date "2024.07.16"]
[WhiteElo "2369"]
[BlackElo "2587"]
[PlyCount "53"]
[TimeControl "60"]

1. e4 c5 2. Nf3 d6 3. d4 cxd4 4. Nxd4 Nf6 5. Nc3 a6 6. h3 e5 7. Nf3 Qc7 8. a4 Be7 9. Be2 {[%emt 0:3:24] The position is equal.} Nbd7 10. Nh2 Nc5 11. Bf3 Qc6 12. Qe2 Be6 13. Ng4 Ncd7 14. Ne3 Bd8 15. Ncd5 Bxd5 16. exd5 Qc5 17. O-O e4 18. Bg4 Ne5 19. b4 Qxb4 (19... Qc7 $1 $11 {keeps the balance.} )20. Ba3 $16 Qa5 21. Bxd6 Bc7 {[%emt 0:0:4] [#]} 22. Ba3 $36 {[%emt 0:8:53][%mdl 2048] d6 is the strong threat. Black is under strong pressure. This pair of bishops is nice.} h5 23. Bf5 {[%emt 0:1:16] aiming for d6.} g6 (23... Rd8 $142 )24. d6 $1 $18 gxf5 $2 (24... Bb6 )25. dxc7 {[%emt 0:0:18] Hoping for Rfd1.} Qxc7 26. Nxf5 Nc4 $2 {[%emt 0:1:18] [#]} (26... O-O-O 27. Rfd1 (27. Be7 Nf3+ 28. gxf3 Rhg8+ 29. Kh1 Qf4 $18 )Qc4 28. Nd6+ Rxd6 29. Qxc4+ Nxc4 30. Bxd6 Kd7 31. Be5+ Ke6 )27. Qxc4 $3 {[%emt 0:0:13][%mdl 512] Weighted Error Value: White=0.12 (very precise) /Black=0.53.  Mistake:       	---       	Black=4      Inaccurate:     	White=3     	Black=3      OK:         	White=8     	Black=4      Best:        	White=2     	Black=2      Strong:       	White=1     	---} 1-0

[Event "57th Biel Festival MTO 2024"]
[White "Sasikiran,Krishnan"]
[Black "Rosen,Eric"]
[Site "Biel"]
[Round "2.6"]
[Annotator "TA"]
[Result "1-0"]
[Date "2024.07.16"]
[WhiteElo "2581"]
[BlackElo "2361"]
[PlyCount "94"]
[TimeControl "60"]

1. e4 c5 2. Nf3 Nc6 3. d4 cxd4 4. Nxd4 g6 5. Nc3 Bg7 6. Be3 Nf6 7. Bc4 O-O 8. Bb3 d6 9. f3 Qa5 10. O-O Nxd4 11. Bxd4 Be6 12. Rf2 b5 13. Nd5 Bxd5 14. exd5 {[%emt 0:1:52] The position is equal.} Nd7 15. Bxg7 Kxg7 16. Qd4+ Kg8 17. Re2 Rfe8 18. Rae1 Nc5 19. h4 Rac8 20. c3 (20. Rxe7 Qxe1+ 21. Rxe1 Rxe1+ 22. Kf2 Rce8 $11 )Nxb3 21. axb3 Qc7 22. b4 {[%emt 0:9:28][%cal Oh4h5] White has more active pieces.} Qb7 23. h5 Rc4 24. Qd2 $40 {[%emt 0:4:57][%mdl 128] White is out for blood.} Qb6+ 25. Re3 ({Better is} 25. Kf1 $16 )Rc7 ({Avoid the trap} 25... Rh4 $2 26. g4 f5 27. hxg6 $18 (27. Qf2 Rh3 $16 ))(25... Rf4 $14 )26. Kh2 $16 a5 $2 {[%emt 0:2:34] [#] Loses the game.} (26... Qb7 $16 27. Re4 Rc4 28. Rxc4 bxc4 )27. bxa5 Qxa5 28. Re4 {[%emt 0:1:21] Hoping for Rh4.} Qa7 29. hxg6 fxg6 30. Qg5 e5 31. dxe6 Rc5 32. Qe3 Rh5+ 33. Kg3 Qa2 {[%emt 0:4:33] [#]} (33... Qxe3 34. R1xe3 Kg7 )34. Qd2 Rd5 35. Qe2 (35. Qf4 $18 {Threatening mate with Qf7+.} Rf5 36. Qxd6 Qxb2 37. Re5 Rxe5 38. Qxe5 )Rg5+ 36. Kf2 Rf5 (36... Rh5 $142 37. Rd1 Qa6 )37. g4 $18 Rc5 38. e7 Rc7 $2 (38... Qf7 39. Kg3 g5 )39. Qxb5 Qa7+ 40. Kg2 Rexe7 41. Qd5+ Kg7 42. Qd4+ Qxd4 43. Rxe7+ {[%emt 0:0:0] White mates.} ({Stronger than} 43. cxd4 Rc2+ 44. Kg3 Rxe4 45. Rxe4 Rxb2 $11 )Rxe7 44. Rxe7+ Kf6 45. cxd4 Kxe7 46. f4 Ke6 47. b4 Kd5 {[%emt 0:0:14] Weighted Error Value: White=0.24 (precise) /Black=0.65.  Loses game:     	---       	Black=1      Mistake:       	White=2     	Black=4      Inaccurate:     	White=3     	Black=5      OK:         	White=11    	Black=6      Best:        	White=3     	Black=1} 1-0